cohdb
Replays
Latest Replays
All Replays
Popular Replays
Top Player Replays
Match Explorer
How It Works
Community
CoH3 Stats
Reddit
Sign in to upload your games and track your stats! →
Sign in with Steam
Match 45524140
Unlisted
Match 45524140
Overview
Messages
Build Orders
End
Construct Barracks
Riflemen Squad
Selects Heavy Weapons
Riflemen Squad
Construct Weapon Support Center
Bazooka Squad
Air Support Center
Selects Assault Carriers
Riflemen Squad
M3 Assault Carrier
M1918 Browning Automatic Rifles
Grasshopper Recon Run
P-47 Dive Bomb
M3 Assault Carrier
Selects Exchangeable Parts
Engineer Squad
M1919 Machine Gun Team
P-47 Strafing Run
Riflemen Squad
M3 Assault Carrier
Grasshopper Recon Run
P-47 Dive Bomb
Double Sortie
Improved Aircraft Armor
Air Supply
Advanced Air Reconnaissance
P-47 Strafing Run
Mortar Pit
P-47 Strafing Run
P-47 Dive Bomb
Selects M26 Pershing Heavy Tank
M26 Pershing Heavy Tank
Construct Tank Depot
P-47 Strafing Run
P-47 Dive Bomb
Grasshopper High-Altitude Recon Run
P-47 Dive Bomb
P-47 Strafing Run
Tzeh
淡定红茶BlackTea
WHO IS YOUR DADDY?
Agent-S
[PD]Lurgi
[PD] Ducktus
Nico-Nico-Nii~~
=-._.-=MR.Paul=-._.-=
0
0
Comments
sign in to comment!
No comments posted yet!